 Dungeon Sprint DCSS version 0.29-a0-923-g6e406bff71 (webtiles) character file.

Game seed: 1006731144479630974

136 rocky1 the Shield-Bearer (level 5, 0/46 HPs)
             Began as a Formicid Fighter on July 28, 2022.
             Was an Initiate of Okawaru.
             Slain by a two-headed ogre
             ... wielding a +0 giant club
              (8 damage)
             ... in the Dungeon (Sprint IX: "|||||||||||||||||||||||||||||").
             The game lasted 00:01:23 (334 turns).

rocky1 the Shield-Bearer (Formicid Fighter)          Turns: 334, Time: 00:01:23

Health: 0/46       AC: 10    Str: 23    XL:     5   Next: 43%
Magic:  5/5        EV: 12    Int: 10    God:    Okawaru [......]
Gold:   0          SH:  6    Dex: 13    Spells: 4/4 levels left

rFire   . . .      SeeInvis +   k - +2 halberd
rCold   . . .      Faith    .   c - +0 buckler
rNeg    . . .      Spirit   .   o - +1 scale mail
rPois   .          Reflect  .   (helmet unavailable)
rElec   .          Harm     .   n - +0 cloak
rCorr   .          Rampage  .   (no gloves)
Will    .....                   (no boots)
Stlth   ..........              (no amulet)
HPRegen 0.15/turn               q - +3 ring of intelligence
MPRegen 0.09/turn               p - +2 ring of evasion

@: invisible
A: permanent stasis, dig shafts and tunnels, antennae 3, four strong arms
a: Dig, Renounce Religion


You were in the Dungeon.
You worshipped Okawaru.
Okawaru was noncommittal.
You visited 1 branch

Inventory:

Hand Weapons
 k - a +2 halberd (weapon)
 l - the +2 morningstar of Xuethrar {drain, rElec Str+7 Int-4}
   (You found it in the Dungeon)

   A truly terrible weapon, it drains the life of any living foe it strikes.
   Str:       It affects your strength (+7).
   Int:       It affects your intelligence (-4).
   rElec:     It insulates you from electricity.
 m - a +2 scimitar of holy wrath
Armour
 b - a +0 scale mail
 c - a +0 buckler (worn)
 n - a +0 cloak (worn)
 o - a +1 scale mail (worn)
Jewellery
 p - a +2 ring of evasion (right hand)
 q - a +3 ring of intelligence (left hand)
Wands
 j - a wand of quicksilver (10)
Scrolls
 i - 2 scrolls of amnesia
Potions
 d - a potion of might
 e - 5 potions of curing
 g - 4 potions of magic
 h - 2 potions of heal wounds


   Skills:
 + Level 6.1 Fighting
 + Level 4.9 Polearms
 + Level 6.7 Armour
 + Level 0.9 Dodging
 + Level 7.6 Shields


You had 4 spell levels left.
You didn't know any spells.
Your spell library was empty.

Dungeon Overview and Level Annotations

Branches:
Dungeon (1/1)

Altars:
Cheibriados
Dithmenos
Elyvilon
Fedhas
Gozag
Hepliaklqana
Kikubaaqudgha
Makhleb
Nemelex Xobeh
Okawaru
Qazlal
Ru
Sif Muna
Trog
Uskayaw
Vehumet
Wu Jian
Xom
Yredelemnul
Zin
The Shining One
Jiyva
Lugonu


Innate Abilities, Weirdness & Mutations

You cannot be hasted, slowed, berserked, paralysed or teleported.
You can dig through walls and to a lower floor.
You have a pair of large antennae on your head. (SInv)
Your four strong arms can wield two-handed weapons with a shield.


Message History

The orc warrior shouts!
The orc wizard shouts!
The vampire mosquito bites you.
The vampire mosquito draws strength from your injuries!
You fade into invisibility!
You block the vampire mosquito's attack.
The vampire mosquito closely misses you.
You hit the vampire mosquito.
The vampire mosquito is lightly damaged.
The vampire mosquito barely misses you. The vampire mosquito bites you.
The vampire mosquito draws strength from your injuries!
You closely miss the vampire mosquito.
The vampire mosquito is lightly damaged.
You block the vampire mosquito's attack.
The vampire mosquito closely misses you.
The centaur wields a +0 shortbow.
The centaur shoots an arrow.
The arrow hits the two-headed ogre!
You slash the vampire mosquito!
The vampire mosquito is heavily damaged.
The vampire mosquito closely misses you.
The centaur shoots an arrow.
The arrow hits the two-headed ogre.
The vampire mosquito closely misses you.
The vampire mosquito bites you.
The vampire mosquito draws strength from your injuries!
You barely miss the vampire mosquito.
The vampire mosquito is moderately damaged.
The vampire mosquito barely misses you. x2; The centaur shoots an arrow.
The arrow hits the two-headed ogre.
You slash the vampire mosquito!
The vampire mosquito is almost destroyed.
The vampire mosquito closely misses you.
The centaur shoots an arrow.
The arrow barely misses the two-headed ogre.
The arrow hits the vampire mosquito!
The vampire mosquito is destroyed!
The centaur shoots an arrow.
The arrow hits the two-headed ogre!
The two-headed ogre hits you with a +0 giant club!!
Ouch! That really hurt!
* * * LOW HITPOINT WARNING * * *
The two-headed ogre hits you with a +0 giant club!
You die... ▓▓▓▓▓▓▓▓▓▓▓▓▓▓▓▓▓▓▓▓▓▓▓▓ _______'.?)..[..@O.coKo. ▓▓▓▓▓▓▓▓▓▓▓▓▓▓▓▓▓▓▓▓▓▓▓▓ {{{{{{{ {{{{{{{{

You could see a two-headed ogre (unable to see you), an orc warrior (unable to see you), a kobold brigand (unable to see you), a centaur (unable to see you) and an orc wizard (unable to see you).

Vanquished Creatures
  A howler monkey (D)
  A hound (D)
  A gnoll bouda (D)
  An iguana (D)
  An adder (D)
  A ball python (D)
  An endoplasm (D)
  2 hobgoblins (D)
  A frilled lizard (D)
10 creatures vanquished.

Vanquished Creatures (others)
  A vampire mosquito (D)
1 creature vanquished.

Grand Total: 11 creatures vanquished

Notes
Turn   | Place    | Note
-------+----------+-------------------------------------------
     0 | D        | rocky1 the Formicid Fighter began the quest for the Orb.
     0 | D        | Reached XP level 1. HP: 18/18 MP: 1/1
    15 | D        | Reached XP level 2. HP: 23/25 MP: 2/2
    37 | D        | Noticed a howler monkey
    50 | D        | Reached skill level 5 in Armour
    50 | D        | Reached skill level 6 in Shields
    50 | D        | Reached XP level 3. HP: 29/32 MP: 3/3
    59 | D        | Reached skill level 5 in Fighting
    66 | D        | Reached XP level 4. HP: 36/39 MP: 4/4
    75 | D        | Reached skill level 7 in Shields
    75 | D        | Reached XP level 5. HP: 36/46 MP: 5/5
   259 | D        | Found a snail-covered altar of Cheibriados.
   259 | D        | Found a shadowy altar of Dithmenos.
   259 | D        | Found a white marble altar of Elyvilon.
   259 | D        | Found a blossoming altar of Fedhas.
   259 | D        | Found an opulent altar of Gozag.
   260 | D        | Found a hazy altar of Hepliaklqana.
   261 | D        | Found a viscous altar of Jiyva.
   262 | D        | Found an ancient bone altar of Kikubaaqudgha.
   263 | D        | Found a corrupted altar of Lugonu.
   264 | D        | Found a burning altar of Makhleb.
   265 | D        | Found a sparkling altar of Nemelex Xobeh.
   266 | D        | Found an iron altar of Okawaru.
   267 | D        | Found a stormy altar of Qazlal.
   268 | D        | Found a sacrificial altar of Ru.
   269 | D        | Found a shimmering blue altar of Sif Muna.
   270 | D        | Found a bloodstained altar of Trog.
   271 | D        | Found a hide-covered altar of Uskayaw.
   272 | D        | Found a radiant altar of Vehumet.
   273 | D        | Found an ornate altar of the Wu Jian Council.
   274 | D        | Found a shimmering altar of Xom.
   276 | D        | Became a worshipper of Warmaster Okawaru
   278 | D        | Found a basalt altar of Yredelemnul.
   279 | D        | Found a glowing silver altar of Zin.
   280 | D        | Found a glowing golden altar of the Shining One.
   296 | D        | Got the +2 morningstar of Xuethrar {drain, rElec Str+7
                  | Int-4}
   328 | D        | Noticed a vampire mosquito
   328 | D        | Noticed a centaur
   328 | D        | Noticed a two-headed ogre
   328 | D        | Noticed an orc warrior
   328 | D        | Noticed a kobold brigand
   334 | D        | Killed a vampire mosquito
   334 | D        | Slain by a two-headed ogre

Illustrated notes

Levels and vault maps discovered:
D:        linesprint [early_d, line_temple, items_1, d_10, items_2, lair_1,
          lair_end, items_3, orc_1, orc_end, items_4, d_15, swamp_1, shoals_1,
          snake_1, spider_1, d_20, vaults_1, items_5, swamp_end, shoals_end,
          snake_end, spider_end, vaults_end, d_27, items_6, zot_1, zot_end,
          crypt_end, forest_end, elf_end, slime_end, tomb_end, abyss_end,
          pan_hell_end]

Skill      XL: |  1  2  3  4  5 |
---------------+----------------+-----
Fighting       | 4 5 6 |  6.1
Polearms       | 3 4 |  4.9
Armour         | 5 6 |  6.7
Shields        | 6 7 |  7.6
Dodging        | |  0.9

Action                   |  1- 3 |  4- 6 || total
-------------------------+-------+-------++-------
Melee: Trident           |    37 |    13 ||    50
       Halberd           |       |     5 ||     5
  Use: Potion            |     1 |     1 ||     2
Armor: Scale mail        |    17 |     1 ||    18
Dodge: Dodged            |    19 |    14 ||    33
Block: Buckler           |     7 |     2 ||     9

Table legend: (Time is in decaauts)
 A = Elapsed time spent in this place.
 B = Non-inter-level travel time spent in this place.
 C = Inter-level travel time spent in this place.
 D = Time resting spent in this place.
 E = Time spent auto-exploring this place.
 F = Levels seen in this place.
 G = Mean time per level.
                   A        B        C        D        E       F      G
               +--------+--------+--------+--------+--------+-----+--------+
         Total |    341 |    341 |      0 |    189 |      0 |   1 |  341.0 |
       Dungeon |    341 |    341 |      0 |    189 |      0 |   1 |  341.0 |
               +--------+--------+--------+--------+--------+-----+--------+

Top non-repeatable levels by time:
       D: 341 daAuts
